 Dungeon Crawl Stone Soup version 0.26.1-11-gd32895ea62 (webtiles) character file.

Game seed: 12505602779186028423

328 Zeld the Twirler (level 6, -12/39 HPs)
             Began as an Octopode Gladiator on May 22, 2021.
             Was a Follower of Wu Jian.
             Killed by divine providence
             ... invoked by an orc priest
              (14 damage)
             ... on level 4 of the Dungeon.
             The game lasted 00:03:20 (3712 turns).

Zeld the Twirler (Octopode Gladiator)               Turns: 3712, Time: 00:03:21

Health: -12/39     AC:  1    Str: 16    XL:     6   Next: 50%
Magic:  6/6        EV: 14    Int: 10    God:    Wu Jian [*.....]
Gold:   238        SH:  0    Dex: 13    Spells: 5/5 levels left

rFire    . . .     SeeInvis .   a - +0 quarterstaff
rCold    . . .     Faith    .   (shield currently unavailable)
rNeg     . . .     Spirit   .   b - +0 hat
rPois    .         Reflect  .   (no amulet)
rElec    .         Harm     .   (no ring)
rCorr    .         Rampage  .   (no ring)
Will     .....                  (no ring)
Stlth    ++........             (no ring)
HPRegen  0.13/turn              (no ring)
MPRegen  0.10/turn              (no ring)
                                (no ring)
                                (no ring)

@: no status effects
A: almost no armour, stealthy swim, amphibious, 8 rings, constrict 8, camouflage
1, gelatinous body 1
a: Renounce Religion


You were on level 4 of the Dungeon.
You worshipped Wu Jian.
Wu Jian was aware of your devotion.
You visited 1 branch of the dungeon, and saw 4 of its levels.

You collected 238 gold pieces.

Inventory:

Hand Weapons
 a - a +0 quarterstaff (weapon)
Missiles
 c - 3 throwing nets
 f - 7 datura-tipped darts
 v - 15 poisoned darts (quivered)
Armour
 b - a +0 hat (worn)
Jewellery
 s - an uncursed amulet of reflection {unknown}
 t - an uncursed amulet of reflection {unknown}
 w - an uncursed ring of magical power {unknown}
 x - an uncursed ring of positive energy {unknown}
Scrolls
 d - 3 scrolls of blinking {unknown}
 g - 7 scrolls of identify {unknown}
 h - a scroll of teleportation {unknown}
 i - 2 scrolls of magic mapping {unknown}
 j - 2 scrolls of fog {unknown}
 p - a scroll of enchant weapon {unknown}
 q - a scroll of remove curse {unknown}
 r - a scroll of noise {unknown}
Potions
 e - a potion of heal wounds {unknown}
 k - 2 potions of cancellation {unknown}
 l - 2 potions of might {unknown}
 m - 3 potions of lignification {unknown}
 n - a potion of magic {unknown}
 o - 4 potions of curing {unknown}
 u - 2 potions of degeneration {unknown}
 z - a potion of brilliance {unknown}
 A - a potion of haste {unknown}


   Skills:
 - Level 2.0 Fighting
 * Level 7.1 Staves
 - Level 2.0 Throwing
 - Level 3.0 Dodging


You had 5 spell levels left.
You didn't know any spells.
Your spell library was empty.

Dungeon Overview and Level Annotations

Branches:
Dungeon (4/15)
 Temple: D:4-7

Altars:
Cheibriados
Hepliaklqana
Vehumet
Wu Jian
Xom
Zin


Innate Abilities, Weirdness & Mutations

You cannot wear most types of armour.
You are very stealthy in the water. (Stealth+)
You are amphibious.
You can wear up to eight rings at the same time.
You can use your tentacles to constrict eight enemies at once.
Your skin changes colour to match your surroundings (Stealth+).
Your rubbery body absorbs attacks. (AC +1, EV +1)


Message History

The phantom blinks!
The white imp misses you.
You hit the white imp. You squeeze the white imp.
The white imp is heavily wounded.
You constrict the white imp. The white imp closely misses you.
You thump the white imp!
You kill the white imp!
The Council accepts your kill.
An orc priest comes into view. It is wielding a +0 dagger.
You spin and attack the phantom.
You hit the phantom but do no damage.
The phantom is lightly damaged.
The phantom hits you.
* * * LOW HITPOINT WARNING * * *
Unknown command.
The phantom blinks!
The phantom blinks!
The phantom blinks!
The orc priest shouts!
You hear a shout! x2; You hear an angry hiss.
The orc priest calls down the wrath of Beogh upon you.
Beogh smites you!
You die...

#.......<>.##
##...........## ####
##.............## o...#
#.....#.........#####....
....###.................
...## #.....#.......#...
..## #....#####.....#
..###...### #....##
.##....## #.@..## ......#
##.....# ...... ##...W..#
.....# #.......# ....##
#..####.# ...## #..# ###
...# ...# ...# ..# ...##
.#


You could see a phantom and an orc priest.

Vanquished Creatures
  An ogre (D:3)
  A hound (D:4)
  2 orc wizards
  A worker ant (D:4)
  2 gnolls (D:2)
  5 adders
  A white imp (D:4)
  A dart slug (D:2)
  A leopard gecko (D:2)
  8 orcs
  4 goblins
  3 hobgoblins
  5 quokkas
  9 bats
  8 frilled lizards
  7 kobolds
  4 rats (D:2)
63 creatures vanquished.

Vanquished Creatures (others)
  7 plants (D:2)
7 creatures vanquished.

Grand Total: 70 creatures vanquished

Notes
Turn   | Place    | Note
-------+----------+-------------------------------------------
     0 | D:1      | Zeld the Octopode Gladiator began the quest for the Orb.
     0 | D:1      | Reached XP level 1. HP: 14/14 MP: 1/1
   485 | D:1      | Reached XP level 2. HP: 19/19 MP: 2/2
  1068 | D:2      | Found an ornate altar of the Wu Jian Council.
  1074 | D:2      | Reached skill level 4 in Staves
  1074 | D:2      | Reached XP level 3. HP: 20/24 MP: 3/3
  1092 | D:2      | Reached XP level 4. HP: 13/29 MP: 4/4
  1112 | D:2      | Became a worshipper of the Wu Jian Council
  1407 | D:2      | Found a hazy altar of Hepliaklqana.
  1812 | D:2      | Reached skill level 5 in Staves
  2447 | D:3      | Found a snail-covered altar of Cheibriados.
  2527 | D:3      | Noticed an ogre
  2533 | D:3      | Killed an ogre
  2534 | D:3      | Reached skill level 6 in Staves
  2534 | D:3      | Reached XP level 5. HP: 34/34 MP: 5/5
  2590 | D:3      | Reached XP level 6. HP: 28/39 MP: 6/6
  2758 | D:3      | Found a radiant altar of Vehumet.
  2846 | D:4      | Found a shimmering altar of Xom.
  2846 | D:4      | Found a glowing silver altar of Zin.
  2846 | D:4      | Noticed an angel
  2875 | D:4      | Reached * piety under Wu Jian
  3241 | D:4      | Noticed a phantom
  3246 | D:4      | Reached skill level 7 in Staves
  3712 | D:4      | Killed from afar by an orc priest

Illustrated notes

Levels and vault maps discovered:
D:1:      zaba_arrival_water, layout_basic, roderic_lattice_a
D:2:      wad_woods_stonehenge, layout_loops_ring, lemuel_statue_altar
D:3:      layout_rooms, vehumet_crystals, cheibriados_altar_1
D:4:      minmay_recursive_quarters, layout_layer_cave,
          grunt_temple_overflow_order_and_chaos_1

Skill      XL: |  1  2  3  4  5  6 |
---------------+-------------------+-----
Staves         | 4 6 7 |  7.1
Fighting       | |  2.0
Throwing       | |  2.0
Dodging        | |  3.0

Action                   |  1- 3 |  4- 6 || total
-------------------------+-------+-------++-------
Melee: Quarterstaff      |    42 |    94 ||   136
       Constrict         |    12 |    20 ||    32
       Tentacles         |     8 |    12 ||    20
Invok: Lunge             |       |    19 ||    19
       Whirlwind         |       |     2 ||     2
 Stab: Sleeping          |     3 |     9 ||    12
Armor: Skin              |     6 |     1 ||     7
Dodge: Dodged            |    34 |    55 ||    89
